 Dungeon Crawl Stone Soup version 0.19.0-2-gae57169 (webtiles) character file.

100 xeno23 the Firebug (level 4, -2/24 HPs)
             Began as a Deep Elf Fire Elementalist on Nov 5, 2016.
             Slain by a goblin (3 damage)
             ... led by Robin
             ... on level 3 of the Dungeon.
             The game lasted 00:04:12 (2025 turns).

xeno23 the Firebug (Deep Elf Fire Elementalist)     Turns: 2025, Time: 00:04:13

Health: -2/24      AC:  9    Str:  5    XL:     4   Next: 46%
Magic:  0/11       EV: 13    Int: 21    God:
Gold:   63         SH:  0    Dex: 15    Spells: 3 memorised, 2 levels left

rFire  . . .     SeeInvis .     (no weapon)
rCold  . . .     Gourm    .     a - +0 robe
rNeg   . . .     Faith    .     (no shield)
rPois  .         Spirit   .     (no helmet)
rElec  .         Reflect  .     (no cloak)
rCorr  .         Harm     .     (no gloves)
MR     .....                    r - +0 pair of boots
Stlth  ++........               (no amulet)
                                (no ring)
                                o - +6 ring of protection

@: no status effects
A: no striking features
a: no special abilities


You were on level 3 of the Dungeon.
You were not hungry.

You visited 1 branch of the dungeon, and saw 3 of its levels.

You collected 63 gold pieces.

Inventory:

Armour
 a - a +0 robe (worn)
 r - a +0 pair of boots (worn)
Jewellery
 o - a +6 ring of protection (left hand)
Scrolls
 e - 3 scrolls of enchant weapon {unknown}
 h - 4 scrolls of identify {unknown}
 j - a scroll of remove curse {unknown}
 l - a scroll of random uselessness {unknown}
 p - 2 scrolls of fog {unknown}
 s - a scroll of teleportation {unknown}
Potions
 d - a potion of flight {unknown}
 f - a potion of might {unknown}
 g - a potion of degeneration {unknown}
 m - a potion of mutation {unknown}
 t - 2 potions of curing {unknown}
Books
 b - a book of Flames

   Spells                             Type                      Level
   a - Flame Tongue                   Conjuration/Fire             1
   b - Throw Flame                    Conjuration/Fire             2
   c - Conjure Flame                  Conjuration/Fire             3
   d - Inner Flame                    Hexes/Fire                   3
   e - Sticky Flame                   Conjuration/Fire             4
   f - Fireball                       Conjuration/Fire             5
Comestibles
 c - a bread ration
 i - a royal jelly
 k - 3 fruits
 n - 2 meat rations
 q - 2 chunks of flesh


   Skills:
 - Level 2.4 Dodging
 - Level 2.4 Stealth
 + Level 3.9 Spellcasting
 * Level 3.3 Conjurations
 * Level 4.2 Fire Magic


You had 2 spell levels left.
You knew the following spells:

 Your Spells              Type           Power        Failure   Level  Hunger
a - Flame Tongue          Conj/Fire      ###..        2%          1    None
d - Conjure Flame         Conj/Fire      ###.....     10%         3    ###....
s - Sticky Flame          Conj/Fire      ###.....     28%         4    ####...


Dungeon Overview and Level Annotations

Branches:
Dungeon (3/15)

Altars:

Annotations:
D:3 Robin


Message History

Casting: Flame Tongue
Confirm with . or Enter, or press ? or * to list all spells.
Aiming: Flame Tongue
Press: ? - help, Shift-Dir - straight line, f - goblin
Aim: a goblin, wielding a club (unusually strong)
The flame tongue misses the goblin.
The goblin hits you with a club. The goblin hits you but does no damage.
You barely miss the goblin. The goblin hits you but does no damage.
The goblin misses you.
You barely miss the goblin. The goblin barely misses you.
The goblin hits you but does no damage.
You closely miss the goblin.
The goblin hits you but does no damage. x2
Your magical contamination has completely faded away.
You closely miss the goblin.
Robin flexes a bicep menacingly.
The goblin misses you.
You hit the goblin but do no damage. The goblin hits you with a club!
* * * LOW HITPOINT WARNING * * *
The goblin hits you.
You die...

###### .....########## #########
####.##.......# #..†....#
#.##.#####.# #.#####.# ##
#.##.#####.##########.#####.#
.###.##.##.....g@ggg((†.....##.#
...)....##.##.########(#.##.##.#
.###.#..##.##.# ##....##.##.#
.###.#..†..##.# #....ggg)...#
..)..#...)....# ##...###g#####
...###.#)#.#### ##.## #.)g..g
##.###.#.#.# #.# #######
#...#..#...# #.# #...####...#
#+#


You could see Robin, a hobgoblin and 2 goblins.

Vanquished Creatures
  3 adders (D:2)
  2 oozes (D:1)
  2 leopard geckos
  4 orcs (D:3)
  5 bats
  3 giant cockroaches
  13 goblins
  10 hobgoblins
  4 frilled lizards
  2 kobolds
  5 rats
53 creatures vanquished.

Notes
Turn   | Place    | Note
-------+----------+-------------------------------------------
     0 | D:1      | xeno23 the Deep Elf Fire Elementalist began the quest for the Orb.
     0 | D:1      | Reached XP level 1. HP: 10/10 MP: 6/6
   159 | D:1      | Reached XP level 2. HP: 14/15 MP: 5/8
   355 | D:1      | Reached XP level 3. HP: 11/19 MP: 3/9
   959 | D:2      | Reached skill level 4 in Fire Magic
  1257 | D:2      | Reached XP level 4. HP: 24/24 MP: 8/11
  1958 | D:3      | Learned a level 3 spell: Conjure Flame
  1963 | D:3      | Learned a level 4 spell: Sticky Flame
  1981 | D:3      | Noticed Robin
  2025 | D:3      | HP: 1/24 [goblin/club[Robin] (9)]
  2025 | D:3      | Slain by a goblin

Skill      XL: |  1  2  3 |
---------------+----------+-----
Conjurations   | 2 3 |  3.3
Fire Magic     | 4 |  4.2
Dodging        | |  2.4
Stealth        | |  2.4
Spellcasting   | |  3.9

Action                   |  1- 3 |  4- 6 || total
-------------------------+-------+-------++-------
Melee: Unarmed           |     3 |    13 ||    16
 Cast: Flame Tongue      |    57 |    43 ||   100
  Eat: Chunk             |     1 |     2 ||     3
Armor: Robe              |     6 |    13 ||    19
Dodge: Dodged            |     8 |    42 ||    50
